Workbook

Sheet Sheet1
A4: The Continental Hotel Budget Planner
A5: Monthly Cashflow Budget Forecast
A6: January 2022 to January 2023
D8: Jan | E8: February | F8: March | G8: April | H8: May | I8: June | J8: July | K8: August | L8: Sept | M8: Oct | N8: Nov | O8: Dec | P8: Total
D9: £ | E9: £ | F9: £ | G9: £ | H9: £ | I9: £ | J9: £ | K9: £ | L9: £ | M9: £ | N9: £ | O9: £ | P9: £
A12: Receipts : | D12: 75000 | E12: 46000 | F12: 75000 | G12: 30000 | H12: 32000 | I12: 39000 | J12: 46500 | K12: 46900 | L12: 54000 | M12: 39000 | N12: 40900 | O12: 40800 | P12: =SUM(D12:O12) -> 565100
A14: Payment on business accounts | D14: 0 | E14: 0 | F14: 0 | G14: 0 | H14: 0 | I14: 0 | J14: 0 | K14: 0 | L14: 0 | M14: 0 | N14: 0 | O14: 0 | P14: 0
A15: Cash sales | D15: 6800 | E15: 6800 | F15: 6800 | G15: 6800 | H15: 6800 | I15: 6800 | J15: 6800 | K15: 6800 | L15: 6800 | M15: 6800 | N15: 6800 | O15: 6800 | P15: 6800
A16: Interest Received | E16: =(D12-6000)*0.02 -> 1380 | F16: =E12*0.02 -> 920 | G16: =F12*0.02 -> 1500 | H16: =G12*0.02 -> 600 | I16: =H12*0.02 -> 640 | J16: =I12*0.02 -> 780 | K16: =J12*0.02 -> 930 | L16: =K12*0.02 -> 938 | M16: =L12*0.02 -> 1080 | ... O16: =N12*0.02 -> 818 | P16: 6800
A19: Total Receipts | D19: =SUM(D11:D18) -> 81800 | E19: =SUM(E11:E18) -> 54180 | F19: =SUM(F11:F18) -> 82720 | G19: =SUM(G11:G18) -> 38300 | H19: =SUM(H11:H18) -> 39400 | I19: =SUM(I11:I18) -> 46440 | J19: =SUM(J11:J18) -> 54080 | K19: =SUM(K11:K18) -> 54630 | ... O19: =SUM(O11:O18) -> 48418 | P19: =SUM(D19:O19) -> 657066
A23: Payments :
A25: Freehold
A26: Fixtures and fittings | H26: 1750 | I26: 1750 | J26: 1750 | K26: 1750 | P26: =SUM(D26:O26) -> 7000
A27: Property expenses | D27: 1500 | E27: 1500 | F27: 1500 | G27: 1500 | H27: 1500 | I27: 1500 | J27: 1500 | K27: 1500 | L27: =2500+1500 -> 4000 | M27: 1500 | N27: 1500 | O27: 1500 | P27: =SUM(D27:O27) -> 20500
A28: Laundry
A29: Energy costs | D29: 800 | E29: 800 | F29: 800 | G29: 800 | H29: 800 | I29: 800 | J29: 800 | K29: 800 | L29: 800 | M29: 800 | N29: 800 | O29: 800 | P29: =SUM(D29:O29) -> 9600
A30: Payments to suppliers | D30: =250 -> 250 | E30: =300+150+250+3000 -> 3700 | F30: =150+250+3000 -> 3400 | G30: =250+150+250+3000+3000 -> 6650 | H30: =300+150+250+3000 -> 3700 | I30: =250+150+250+3000 -> 3650 | J30: =150+250+3000 -> 3400 | K30: =300+250+150+250+3000 -> 3950 | L30: =150+250+3000 -> 3400 | M30: =250+150+250+3000 -> 3650 | N30: =300+150+250+3000 -> 3700 | O30: =250+150+250+3000 -> 3650 | P30: =SUM(D30:O30) -> 43100
A31: Wages | D31: 3000 | E31: 3000 | F31: 3000 | G31: 3000 | H31: 3000 | I31: 3000 | J31: 3000 | K31: 3000 | L31: 3000 | M31: 3000 | N31: 3000 | O31: 3000 | P31: =SUM(D31:O31) -> 36000
A32: Salaries
A33: Vehicles | D33: =275+Sheet2!$V$55 -> 415 | E33: =275+Sheet2!$V$55 -> 415 | F33: =275+Sheet2!$V$55 -> 415 | G33: =275+Sheet2!$V$55 -> 415 | H33: =275+Sheet2!$V$55 -> 415 | I33: =275+Sheet2!$V$55 -> 415 | J33: =275+Sheet2!$V$55 -> 415 | K33: =275+Sheet2!$V$55 -> 415 | L33: =275+Sheet2!$V$55+4000 -> 4415 | M33: =275+Sheet2!$V$55 -> 415 | N33: =275+Sheet2!$V$55 -> 415 | O33: =275+Sheet2!$V$55 -> 415 | P33: =SUM(D33:O33) -> 8980
A34: Van
A35: Petrol and diesel | D35: 500 | E35: 500 | F35: 500 | G35: 500 | H35: 500 | I35: 500 | J35: 500 | K35: 500 | L35: 500 | M35: 500 | N35: 500 | O35: 500 | P35: =SUM(D35:O35) -> 6000
A36: Rates | D36: 400 | E36: 400 | F36: 400 | G36: 400 | H36: 0 | I36: 400 | J36: 400 | K36: 400 | L36: 400 | M36: 400 | N36: 400 | O36: 400 | P36: =SUM(D36:O36) -> 4400
A37: Marketing
A38: Overdraft Interest | D38: =Sheet2!$T$53*0.058 -> 348 | P38: =SUM(D38:O38) -> 348
A40: Total payments | D40: =SUM(D25:D38) -> 7213 | E40: =SUM(E25:E38) -> 10315 | F40: =SUM(F25:F38) -> 10015 | G40: =SUM(G25:G38) -> 13265 | H40: =SUM(H25:H38) -> 11665 | I40: =SUM(I25:I38) -> 12015 | J40: =SUM(J25:J38) -> 11765 | K40: =SUM(K25:K38) -> 12315 | ... O40: =SUM(O25:O38) -> 10265 | P40: =SUM(D40:O40) -> 135928
A44: Balance b / f | D44: -6000 | E44: =D50 -> 68587 | F44: =E50 -> 112452 | G44: =F50 -> 185157 | H44: =G50 -> 210192 | I44: =H50 -> 237927 | J44: =I50 -> 272352 | K44: =J50 -> 314667 | L44: =K50 -> 356982 | ... O44: =N50 -> 476985 | P44: =SUM(D44:O44) -> 3070326
A47: Net cashflow in month | D47: =D19-D40+D44 -> 68587 | E47: =E19-E40 -> 43865 | F47: =F19-F40 -> 72705 | G47: =G19-G40 -> 25035 | H47: =H19-H40 -> 27735 | I47: =I19-I40 -> 34425 | J47: =J19-J40 -> 42315 | K47: =K19-K40 -> 42315 | L47: =L19-L40 -> 45223 | ... O47: =O19-O40 -> 38153 | P47: =SUM(D47:O47) -> 515138
A50: Balance c / f | D50: =D19-D40+D44 -> 68587 | E50: =E44+E19-E40 -> 112452 | F50: =F44+F19-F40 -> 185157 | G50: =G44+G19-G40 -> 210192 | H50: =H44+H19-H40 -> 237927 | I50: =I44+I19-I40 -> 272352 | J50: =J44+J19-J40 -> 314667 | K50: =K44+K19-K40 -> 356982 | L50: =L44+L19-L40 -> 402205 | ... O50: =O44+O19-O40 -> 515138 | P50: =SUM(D50:O50) -> 3591464

Sheet Sheet2
A1: WORKINGS : | D1: this page is for your workings - include within your hard copy submission.
A3: -1
E5: Jan | F5: Feb | G5: Mar | H5: April | I5: May | J5: June | K5: July | L5: August | M5: September | N5: October | O5: November | P5: December
A31: Supplier A
A32: (1month credit)
A34: Supplier B
A35: (no credit / 1%discount)
A39: Payments to
A40: suppliers (£)
A45: (2) Wages
E47: Jan | F47: Feb | G47: Mar | H47: April | I47: May | J47: June | K47: July | L47: August | M47: September | N47: October | O47: November | P47: December
E49: 3000 | F49: 3000 | G49: 3000 | H49: 3000 | I49: 3000 | J49: 3000 | K49: 3000 | L49: 3000 | M49: 3000 | N49: 3000 | O49: 3000 | P49: 3000
A51: Wages paid
S53: Overdraft | T53: 6000
S54: wage bill | T54: =3000*10 -> 30000
S55: utility bill | T55: 800 | V55: =35*4 -> 140
S56: Business Rates | T56: 400
S58: Magazines | T58: 3000
A64: Cash paid | S64: =7000/4 -> 1750
A65: % in month
A66: % next month
A73: (3) Cash received from customers
A75: (a) Credit Sales
E78: Jan | F78: Feb | G78: Mar | H78: April | I78: May | J78: June | K78: July | L78: August | M78: September | N78: October | O78: November | P78: December
A81: Total sales
A83: Credit sales
A85: Credit sales (£)
A91: Months | E91: £ | F91: £ | G91: £ | H91: £ | I91: £ | J91: £ | K91: £ | L91: £ | M91: £ | N91: £ | O91: £ | P91: £
A100: Cash received from debtors
A104: (b) Cash Sales
C107: Nov | D107: Dec | E107: Jan | F107: Feb | G107: Mar | H107: April
A110: Total sales
A112: Cash sales
A114: Cash Sales (£)

Sheet Sheet3

Sheet Sheet4

Sheet Sheet5

Sheet Sheet6

Sheet Sheet7

Sheet Sheet8

Sheet Sheet9

Sheet Sheet10

Sheet Sheet11

Sheet Sheet12

Sheet Sheet13

Sheet Sheet14

Sheet Sheet15

Sheet Sheet16
